AoeStats
← rondelok

Black Forest

505669813Analyzed
2v2 RM · 20d ago on Sep 10, 2026· 76m 52s· 4 players
Game mode
Random Map
Map size
Medium (4 player)
Population
200
Speed
Normal
Resources
Standard
Victory
Conquest
Starting age
Dark Age
Ending age
Imperial Age
RankedLock teamsTeams togetherTeam positionsShared explorationLock speedFull tech treeHidden civsTurbo modeCheats
Victory
Defeat
🇨🇳 Bohemians · China
769
+17
🇺🇸 Chinese · United States
730
+19
🇪🇪 Portuguese · Estonia
917
-23
🇪🇬 Sicilians · Egypt
659
-13
67676767676767676767676767676767
0:27 Loom
14:55 Feudal Age
16:28 Double-Bit Axe
21:33 Castle Age
22:58 Bow Saw
23:25 Wheelbarrow
23:09 Horse Collar
25:35 Hand Cart
26:40 Heavy Plow
37:01 Imperial Age
38:03 Fortified Wall
37:56 Stone Mining
37:57 Gold Mining
38:03 Town Watch
39:21 Two-Man Saw
40:11 Coinage
39:46 Great Wall
40:06 Conscription
40:02 Town Patrol
40:47 Fletching
40:57 Padded Archer Armor
41:08 Forging
40:58 Scale Mail Armor
41:22 Ballistics
42:02 Chemistry
41:13 Masonry
40:59 Murder Holes
41:38 Banking
41:56 Stone Shaft Mining
41:57 Gold Shaft Mining
44:05 Bodkin Arrow
44:25 Leather Archer Armor
44:46 Iron Casting
44:26 Chain Mail Armor
44:14 Squires
44:00 Arson
43:36 Pikeman
43:36 Man-at-Arms
45:51 Long Swordsman
45:52 Halberdier
46:34 Bracer
47:05 Ring Archer Armor
47:35 Blast Furnace
47:06 Plate Mail Armor
47:10 Architecture
46:42 Two-Handed Swordsman
47:45 Rocketry
46:46 Elite Chu Ko Nu
48:17 Champion
49:10 Heavy Rocket Cart
50:36 Scale Barding Armor
50:40 Thumb Ring
54:45 Capped Ram
59:07 Siege Ram
domsen
0:52 Loom
14:28 Feudal Age
15:49 Wheelbarrow
15:05 Double-Bit Axe
16:51 Fishing Lines
26:09 Castle Age
24:53 Arson
27:16 Bow Saw
27:59 Gillnets
29:18 Horse Collar
32:28 Imperial Age
30:50 Murder Holes
30:38 Treadmill Crane
32:05 Chemistry
31:47 Fletching
32:21 Ballistics
33:15 Wagenburg Tactics
33:16 Bodkin Arrow
33:21 Padded Archer Armor
34:25 Hand Cart
35:00 Caravan
35:04 Bracer
35:08 Scale Mail Armor
35:20 Heavy Plow
37:14 Conscription
36:17 Elite Hussite Wagon
39:29 Houfnice
42:08 Two-Man Saw
53:42 Man-at-Arms
54:23 Squires
53:48 Pikeman
67:22 Siege Engineers
67:04 Arrowslits
67:32 Masonry
rondelok
0:57 Loom
13:26 Feudal Age
17:32 Castle Age
21:22 Double-Bit Axe
21:23 Horse Collar
22:21 Gold Mining
23:36 Bow Saw
25:33 Heavy Plow
26:13 Wheelbarrow
31:04 Imperial Age
28:51 Scale Mail Armor
29:01 Forging
28:42 Fletching
30:20 Bodkin Arrow
30:35 Forging
30:40 Chain Mail Armor
31:10 Stone Mining
32:59 Chemistry
34:15 Two-Man Saw
35:35 Hand Cart
36:09 Crop Rotation
39:19 Bracer
39:51 Plate Mail Armor
39:56 Iron Casting
39:45 Ballistics
41:07 Conscription
41:29 Bombard Tower
42:06 Pikeman
42:31 Arson
43:52 Blast Furnace
43:07 Siege Engineers
43:13 Fortified Wall
43:18 Masonry
42:38 Halberdier
49:14 Elite Organ Gun
51:36 Arquebus
70:30 Town Watch
Mousa
1:00 Loom
15:45 Feudal Age
16:18 Double-Bit Axe
16:25 Gold Mining
17:18 Man-at-Arms
18:42 Horse Collar
19:00 Stone Mining
19:08 Arson
25:18 Castle Age
26:09 Bow Saw
25:59 Heavy Plow
30:11 Wheelbarrow
29:02 Elite Skirmisher
39:18 Imperial Age
39:50 Fletching
40:11 Forging
40:07 Scale Barding Armor
40:33 Cavalier
41:41 Hand Cart
42:23 Crop Rotation
48:24 Pikeman
53:54 Chemistry
53:18 Caravan
55:10 Gold Shaft Mining
55:00 Halberdier
56:45 Guilds
57:09 Coinage
56:26 Heavy Scorpion
58:12 Chain Barding Armor
57:48 Bodkin Arrow
58:28 Iron Casting
57:55 Padded Archer Armor
68:01 Banking
Connection lost

Rejoining the realm…

Still unreachable

The connection could not be restored.

Session expired

The server has moved on; the page needs a fresh start.